 Dungeon Crawl Stone Soup version 0.19-a0-261-g60b6c46 (webtiles) character file.

102 AllRandomAllDemise the Digger (level 4, -1/24 HPs)
             Began as a Deep Elf Earth Elementalist on May 26, 2016.
             Slain by an ogre
             ... wielding a +0 giant club
              (25 damage)
             ... on level 4 of the Dungeon.
             The game lasted 00:03:15 (2920 turns).

AllRandomAllDemise the Digger (DEEE)                Turns: 2920, Time: 00:03:16

Health: -1/24      AC:  6    Str:  5    XL:     4   Next: 49%
Magic:  9/12       EV: 13    Int: 21    God:
Gold:   200        SH:  0    Dex: 15    Spells: 2 memorised, 7 levels left

rFire  . . .     SeeInvis .     b - 119 stones
rCold  . . .     Gourm    .     e - +0 robe
rNeg   . . .     Faith    .     (no shield)
rPois  .         Spirit   .     f - +0 helmet
rElec  .         Dismiss  .     (no cloak)
rCorr  .         Reflect  .     h - +2 pair of gloves
SustAt +         Harm     .     (no boots)
MR     .....                    (no amulet)
Stlth  ++........               (no ring)
                                j - ring of sustain attributes

@: not resistant to hostile enchantments, unstealthy
A: no striking features
a: no special abilities


You were on level 4 of the Dungeon.
You were very hungry.

You visited 1 branch of the dungeon, and saw 4 of its levels.

You collected 200 gold pieces.

Inventory:

Hand Weapons
 a - a +2 dagger of electrocution
Missiles
 b - 119 stones (in hand)
Armour
 e - a +0 robe (worn)
 f - a +0 helmet (worn)
 h - a +2 pair of gloves (worn)
Jewellery
 j - a ring of sustain attributes (left hand)
Scrolls
 g - a scroll of fog {unknown}
 o - 2 scrolls of enchant armour {unknown}
 u - a scroll of magic mapping
 v - a scroll of teleportation {unknown}
 y - a scroll of enchant weapon {unknown}
 A - 2 scrolls of immolation {unknown}
 B - 2 scrolls of remove curse {unknown}
 C - a scroll of blinking {unknown}
Potions
 i - a potion of magic {unknown}
 l - a potion of haste {unknown}
 m - 2 potions of agility {unknown}
 n - a potion of cancellation {unknown}
 p - 3 potions of heal wounds
 q - a potion of ambrosia {unknown}
 r - a potion of berserk rage {unknown}
 t - 2 potions of invisibility
 w - a potion of brilliance {unknown}
 x - a potion of curing {unknown}
 z - 2 potions of might
Books
 c - a book of Geomancy

   Spells                             Type                      Level
   a - Sandblast                      Earth                        1
   b - Passwall                       Transmutation/Earth          2
   c - Stone Arrow                    Conjuration/Earth            3
   d - Petrify                        Transmutation/Earth          4
   e - Lee's Rapid Deconstruction     Earth                        5
Comestibles
 d - 3 bread rations
 k - 2 meat rations


   Skills:
 - Level 2.4 Dodging
 - Level 2.4 Stealth
 + Level 4.2 Spellcasting
 + Level 0.7 Conjurations
   Level 1.1 Transmutations
 * Level 5.1 Earth Magic


You had 7 spell levels left.
You knew the following spells:

 Your Spells              Type           Power        Failure   Level  Hunger
a - Sandblast             Erth           ####..       1%          1    None
c - Stone Arrow           Conj/Erth      ###...       14%         3    ###....


Dungeon Overview and Level Annotations

Branches:
Dungeon (4/15)
 Temple: D:4-7

Altars:
Hepliaklqana
Qazlal


Message History

Confirm with . or Enter, or press ? or * to list all spells.
Aiming: Sandblast
Press: ? - help, Shift-Dir - straight line, f - ogre
Aim: an ogre, wielding a giant club The rocky blast hits the ogre.
The ogre is moderately wounded.
You open the door.
There is an open door here.
Found a garnet ring and 14 gold pieces.
Found a whip.
Casting: Sandblast
Confirm with . or Enter, or press ? or * to list all spells.
Aiming: Stone Arrow
Press: ? - help, Shift-Dir - straight line, f/p - ogre
Aim: an ogre, wielding a giant club (moderately wounded)
The stone arrow hits the ogre.
The ogre is severely wounded.
The ogre hits you with a giant club!!
Ouch! That really hurt!
You die...

.......O.......
#<...# . #
####.#.# .. #.
#....# ..) #.
###'####
....#.##.....#
#.....#.....#
#.....#O....#
#$...=@.....#
#...........#
######......#
#......#
#.##.### #.# ..
#.# ### #..


You could see an ogre.

Vanquished Creatures
  4 adders (D:3)
  A worm (D:2)
  2 dart slugs
  3 giant geckos
  2 ball pythons (D:3)
  11 bats
  2 giant cockroaches (D:1)
  9 goblins
  7 hobgoblins
  5 kobolds
  2 giant newts
  9 rats
57 creatures vanquished.

Notes
Turn   | Place    | Note
--------------------------------------------------------------
     0 | D:1      | AllRandomAllDemise the Deep Elf Earth Elementalist began the quest for the Orb.
     0 | D:1      | Reached XP level 1. HP: 10/10 MP: 6/6
   120 | D:1      | Reached XP level 2. HP: 14/15 MP: 8/8
   142 | D:1      | Reached skill level 4 in Earth Magic
  1267 | D:2      | Reached XP level 3. HP: 19/19 MP: 5/9
  1634 | D:2      | Found a hazy altar of Hepliaklqana.
  1829 | D:2      | Learned a level 3 spell: Stone Arrow
  2111 | D:3      | Reached skill level 5 in Earth Magic
  2111 | D:3      | Reached XP level 4. HP: 24/24 MP: 6/11
  2384 | D:3      | Found a stormy altar of Qazlal.
  2909 | D:4      | Noticed an ogre
  2920 | D:4      | Slain by an ogre

Vault maps used:
D:1:      elethiomel_arrival_shortcut
D:2:      marbit_many_paths, minmay_close_crescents
D:3:      grunt_qazlal_sundering
D:4:      gammafunk_temple_overflow_pools, first_bread, dk_noncrumbling_3,
          uniq_duvessa, uniq_menkaure

Skill      XL: |  1  2  3  4 |
---------------+-------------+-----
Earth Magic    | 4 5 |  5.1
Spellcasting   | 4 |  4.2
Dodging        | |  2.4
Stealth        | |  2.4
Conjurations   | |  0.7
Transmutations | |  1.1

Action                   |  1- 3 |  4- 6 || total
-------------------------+-------+-------++-------
Melee: Dagger            |    83 |     3 ||    86
 Cast: Sandblast         |    25 |    13 ||    38
       Stone Arrow       |     1 |     1 ||     2
  Use: Scroll            |       |     6 ||     6
 Stab: Sleeping          |     4 |       ||     4
       Distracted        |     1 |       ||     1
  Eat: Chunk             |     4 |     1 ||     5
Armor: Robe              |    36 |       ||    36
Dodge: Dodged            |    70 |     6 ||    76
